 Dungeon Crawl Stone Soup version 0.21.1-1-g345015f (webtiles) character file.

91 tidbits the Sneak (level 4, 5/32 HPs)
             Began as a Gnoll Enchanter on June 7, 2018.
             Quit the game on level 4 of the Dungeon.
             The game lasted 00:07:03 (671 turns).

tidbits the Sneak (Gnoll Enchanter)                  Turns: 671, Time: 00:07:04

Health: 5/32       AC:  4    Str: 11    XL:     4   Next: 57%
Magic:  0/11       EV: 15    Int: 18    God:
Gold:   86         SH:  0    Dex: 15    Spells: 4/13 levels left

rFire    . . .     SeeInvis .   a - +1 dagger
rCold    . . .     Gourm    +   (no shield)
rNeg     . . .     Faith    .   b - +0 robe
rPois    .         Spirit   .   E - +0 helmet
rElec    .         Reflect  .   (no cloak)
rCorr    .         Harm     .   (no gloves)
MR       .....                  F - +0 pair of boots
Stlth    +++.......             h - amulet of the gourmand
HPRegen  0.10/turn              (no ring)
MPRegen  0.12/turn              (no ring)

@: very slightly contaminated
A: distributed training, fangs 1, strong nose
a: no special abilities


You were on level 4 of the Dungeon.
You were not hungry.

You visited 1 branch of the dungeon, and saw 5 of its levels.

You collected 86 gold pieces.

Inventory:

Hand Weapons
 a - a +1 dagger (weapon)
Missiles
 g - 29 bolts
 j - 15 stones (quivered)
 n - a throwing net {!f}
 o - 18 arrows
Armour
 b - a +0 robe (worn)
 f - a +0 cloak
 l - a +0 buckler
 E - a +0 helmet (worn)
 F - a +0 pair of boots (worn)
Jewellery
 h - an amulet of the gourmand (around neck)
   (You found it on level 1 of the Dungeon)
Wands
 s - a wand of random effects (25)
Scrolls
 i - a scroll of identify {unknown}
 k - a scroll of fear {unknown}
 p - 2 scrolls of fog {unknown}
 q - a scroll of enchant weapon {unknown}
 r - a scroll of magic mapping {unknown}
Potions
 e - a potion of resistance
 m - a potion of brilliance {unknown}
Books
 c - a book of Maledictions

   Spells                             Type                      Level
   a - Corona                         Hexes                        1
   b - Ensorcelled Hibernation        Hexes/Ice                    2
   c - Confuse                        Hexes                        3
   d - Tukima's Dance                 Hexes                        3
   e - Dazzling Spray                 Conjuration/Hexes            3
Comestibles
 d - 4 rations


   Skills:
 + Level 1.1 Fighting
 + Level 2.7 Short Blades
 + Level 1.1 Long Blades
 + Level 1.1 Axes
 + Level 1.1 Maces & Flails
 + Level 1.1 Polearms
 + Level 1.1 Staves
 + Level 1.1 Slings
 + Level 1.1 Bows
 + Level 1.1 Crossbows
 + Level 1.1 Throwing
 + Level 1.1 Armour
 + Level 4.6 Dodging
 + Level 6.0 Stealth
 + Level 1.1 Shields
 + Level 1.1 Unarmed Combat
 + Level 5.1 Spellcasting
 + Level 0.9 Conjurations
 + Level 5.4 Hexes
 + Level 0.9 Charms
 + Level 0.9 Summonings
 + Level 0.9 Necromancy
 + Level 0.9 Translocations
 + Level 0.9 Transmutations
 + Level 0.9 Fire Magic
 + Level 0.9 Ice Magic
 + Level 0.9 Air Magic
 + Level 0.9 Earth Magic
 + Level 0.9 Poison Magic
 + Level 1.2 Invocations
 + Level 1.1 Evocations


You had 4 spell levels left.
You knew the following spells:

 Your Spells              Type           Power        Failure   Level  Hunger
a - Corona                Hex            ###....      1%          1    None
c - Confuse               Hex            ###.....     4%          3    ##.....
d - Dazzling Spray        Conj/Hex       ###...       11%         3    ##.....
e - Ensorcelled Hibernat  Hex/Ice        ###...       5%          2    #......


Dungeon Overview and Level Annotations

Branches:
Dungeon (5/15)
 Temple: D:4-7

Altars:
Wu Jian


Innate Abilities, Weirdness & Mutations

Your experience applies equally to all skills.
You have very sharp teeth.
Your uncanny sense of smell can sniff out nearby items.


Message History

Adjust to which letter? (? for menu, Esc to quit)
E - a +0 helmet (worn)
Items here: )))) ††††††
Things that are here:
a club; a hobgoblin corpse
Things that are here:
a club; a goblin corpse
Found a stone staircase leading down.
There is a stone staircase leading down here.
There is a stone staircase leading down here.
You climb downwards.
Found a stone staircase leading down.
There is a stone staircase leading up here.
Found a long ivory wand.
You start to feel less resistant.
Found a throwing net.
You see here a throwing net {!f}.
q - a throwing net {!f} Adjust (i)tems, (s)pells, or (a)bilities?
Adjust which item? (? for menu, Esc to quit)
q - a throwing net {!f} Adjust to which letter? (? for menu, Esc to quit)
n - a throwing net {!f};
q - a scroll labeled JASOECV DAAHA Your resistance to elements expires.
You see here a wand of random effects (25).
s - a wand of random effects (25)
There is a stone staircase leading down here.
You climb downwards.
A leopard gecko comes into view.
There is a stone staircase leading up here.
You climb upwards.
There is a stone staircase leading down here.
Unknown command.
Your magical contamination has completely faded away.
Found a pair of boots.
You see here a pair of boots.
t - a pair of boots Wear which item? (? for menu, Esc to quit)
You start putting on your armour.
You continue putting on your pair of boots.
Magic restored.
You continue putting on your pair of boots. x3
You finish putting on your +0 pair of boots.
Adjust (i)tems, (s)pells, or (a)bilities?
Adjust which item? (? for menu, Esc to quit)
t - a +0 pair of boots (worn)
Adjust to which letter? (? for menu, Esc to quit)
F - a +0 pair of boots (worn)
An ooze comes into view.
Found a potion of invisibility.
Found 30 stones.
A frilled lizard comes into view.
The ooze quivers.
Casting: Ensorcelled Hibernation
Confirm with . or Enter, or press ? or * to list all spells.
Aiming: Ensorcelled Hibernation
Press: ? - help, Shift-Dir - straight line, f - ooze
Aim: an ooze (chance to defeat MR: 47%)
The ooze resists with some effort.
The ooze misses you.
Casting: Ensorcelled Hibernation
Confirm with . or Enter, or press ? or * to list all spells.
Aiming: Ensorcelled Hibernation
Press: ? - help, Shift-Dir - straight line, f/p - ooze
Aim: an ooze (chance to defeat MR: 47%)
You miscast Ensorcelled Hibernation.
You are very lightly contaminated with residual magic.
Your hands feel numb with cold.
The ooze misses you.
Casting: Ensorcelled Hibernation
Confirm with . or Enter, or press ? or * to list all spells.
Aiming: Ensorcelled Hibernation
Press: ? - help, Shift-Dir - straight line, f/p - ooze
Aim: an ooze (chance to defeat MR: 47%)
The ooze resists with some effort.
The ooze hits you.
* * * LOW HITPOINT WARNING * * *
Casting: Ensorcelled Hibernation
Confirm with . or Enter, or press ? or * to list all spells.
Aiming: Ensorcelled Hibernation
Press: ? - help, Shift-Dir - straight line, f/p - ooze
Aim: an ooze (chance to defeat MR: 47%)
The ooze resists with some effort.
The ooze misses you.
Casting: Ensorcelled Hibernation
Confirm with . or Enter, or press ? or * to list all spells.
Aiming: Ensorcelled Hibernation
Press: ? - help, Shift-Dir - straight line, f/p - ooze
Aim: an ooze (chance to defeat MR: 47%)
The ooze looks drowsy...
The helpless ooze fails to defend itself.
You impale the ooze!!
You kill the ooze!
A scorpion comes into view.
The frilled lizard hisses angrily.
Found a stone staircase leading up.
Casting: Ensorcelled Hibernation
Confirm with . or Enter, or press ? or * to list all spells.
Aiming: Ensorcelled Hibernation
Press: ? - help, Shift-Dir - straight line, f - scorpion
Aim: a scorpion (chance to defeat MR: 47%)
The scorpion resists with some effort.
The scorpion stings you.
* * * LOW HITPOINT WARNING * * *
Are you sure you want to abandon this character and quit the game? (Confirm with "yes".)

#.######..#.....
#............#
#.######..#..###
#...............
###.####........
##.##.....
##...##.!..
#<.l..#....
#..@..# #(#
#..s..# .#
##...## ##.##
#.# #.. ##. .


You could see a scorpion and a frilled lizard.

Vanquished Creatures
  Robin (D:3)
  2 adders
  2 oozes
  A worm (D:2)
  3 dart slugs
  2 leopard geckos
  An orc (D:3)
  A ball python (D:2)
  2 giant cockroaches (D:1)
  9 goblins
  5 hobgoblins
  4 kobolds
  2 bats
  5 frilled lizards
  3 rats
43 creatures vanquished.

Notes
Turn   | Place    | Note
-------+----------+-------------------------------------------
     0 | D:1      | tidbits the Gnoll Enchanter began the quest for the Orb.
     0 | D:1      | Reached XP level 1. HP: 13/13 MP: 6/6
    55 | D:1      | Reached XP level 2. HP: 4/19 MP: 0/7
    59 | D:1      | Learned a level 2 spell: Ensorcelled Hibernation
   338 | D:2      | Reached XP level 3. HP: 18/25 MP: 9/9
   343 | D:2      | Learned a level 3 spell: Confuse
   347 | D:2      | Learned a level 3 spell: Dazzling Spray
   407 | D:2      | Reached skill level 5 in Spellcasting
   415 | D:2      | Reached skill level 6 in Stealth
   429 | D:2      | Reached skill level 1 in Invocations
   543 | D:3      | Reached skill level 1 in Fighting
   543 | D:3      | Reached skill level 1 in Long Blades
   543 | D:3      | Reached skill level 1 in Axes
   543 | D:3      | Reached skill level 1 in Maces & Flails
   543 | D:3      | Reached skill level 1 in Polearms
   543 | D:3      | Reached skill level 1 in Staves
   543 | D:3      | Reached skill level 1 in Slings
   543 | D:3      | Reached skill level 1 in Bows
   543 | D:3      | Reached skill level 1 in Crossbows
   543 | D:3      | Reached skill level 1 in Throwing
   543 | D:3      | Reached skill level 1 in Armour
   543 | D:3      | Reached skill level 1 in Shields
   543 | D:3      | Reached skill level 1 in Unarmed Combat
   543 | D:3      | Reached skill level 1 in Evocations
   543 | D:3      | Reached XP level 4. HP: 7/32 MP: 0/11
   552 | D:3      | Noticed Robin
   559 | D:3      | Killed Robin
   583 | D:3      | Found an ornate altar of the Wu Jian Council.
   625 | D:5      | Entered Level 5 of the Dungeon
   671 | D:4      | Quit the game

Skill      XL: |  1  2  3 |
---------------+----------+-----
Spellcasting   | 5 |  5.1
Stealth        | 6 |  6.0
Invocations    | 1 |  1.2
Fighting       | 1 |  1.1
Long Blades    | 1 |  1.1
Axes           | 1 |  1.1
Maces & Flails | 1 |  1.1
Polearms       | 1 |  1.1
Staves         | 1 |  1.1
Slings         | 1 |  1.1
Bows           | 1 |  1.1
Crossbows      | 1 |  1.1
Throwing       | 1 |  1.1
Armour         | 1 |  1.1
Shields        | 1 |  1.1
Unarmed Combat | 1 |  1.1
Evocations     | 1 |  1.1
Short Blades   | |  2.7
Dodging        | |  4.6
Conjurations   | |  0.9
Hexes          | |  5.4
Charms         | |  0.9
Summonings     | |  0.9
Necromancy     | |  0.9
Translocations | |  0.9
Transmutations | |  0.9
Fire Magic     | |  0.9
Ice Magic      | |  0.9
Air Magic      | |  0.9
Earth Magic    | |  0.9
Poison Magic   | |  0.9

Action                   |  1- 3 |  4- 6 || total
-------------------------+-------+-------++-------
Melee: Dagger            |    63 |    26 ||    89
       Bite              |     8 |     1 ||     9
 Cast: Corona            |    19 |       ||    19
       Ensorcelled Hiber |    12 |     6 ||    18
  Use: Potion            |     2 |       ||     2
 Stab: Sleeping          |    11 |     7 ||    18
       Invisible         |     1 |     3 ||     4
Armor: Robe              |     6 |       ||     6
Dodge: Dodged            |    43 |    13 ||    56

Table legend:
 A = Turns spent in this place as a percentage of turns spent in the entire game.
 B = Non-inter-level travel turns spent in this place as a percentage of non-inter-level travel turns spent in the entire game.
 C = Inter-level travel turns spent in this place as a percentage of turns spent in this place.
 D = Turns resting spent in this place as a percentage of non-inter-level travel turns spent in this place.
 E = Turns spent auto-exploring this place as a percentage of non-inter-level travel turns spent in this place.
 F = Non-inter-level travel turns spent in this place divided by the number of levels of this place that you've seen.
                   A       B       C       D       E      F
               +-------+-------+-------+-------+-------+----------------------
         Total | 100.0 | 100.0 |   0.0 |   0.0 |   0.0 | 134.2
       Dungeon | 100.0 | 100.0 |   0.0 |   0.0 |   0.0 | 134.2
               +-------+-------+-------+-------+-------+----------------------

Table legend:
 A = Kills in this place as a percentage of kills in entire the game.
 B = Kills by you in this place as a percentage of kills by you in the entire game.
 C = Kills by friends in this place as a percentage of kills by friends in the entire game.
 D = Other kills in this place as a percentage of other kills in the entire game.
 E = Experience gained in this place as a percentage of experience gained in the entire game.
 F = Experience gained in this place divided by the number of levels of this place that you have seen.
                   A       B       C       D       E      F
               +-------+-------+-------+-------+-------+----------------------
         Total | 100.0 | 100.0 |   N/A |   N/A | 100.0 |  26.0
       Dungeon | 100.0 | 100.0 |   N/A |   N/A | 100.0 |  26.0
               +-------+-------+-------+-------+-------+----------------------

Vault maps used:
D:1:      tarquinn_simple_flora_water_d, grunt_decor_mini_mirrors
D:2:      kb_forest_paths, first_ration, kennysheep_generic_room_16
D:3:      grunt_temple_overflow_order_and_chaos_2, led_sif_book,
          marbit_many_paths, lemuel_crystal_altar, grunt_qazlal_clouds,
          minmay_misc_feat_diagonals, uniq_robin, uniq_sigmund,
          uniq_crazy_yiuf_cottage
D:5:      okawaru_altar_gauntlet_db, nicolae_dithmenos_shadow_blocks,
          uniq_grinder, uniq_prince_ribbit1
